 Dungeon Crawl Stone Soup version 0.25-a0-362-g90ccd6aac3 (console) character file.

Game seed: 9446083077523078082, levelgen mode: deterministic

1 Kagalorn the Vexing (level 1, 0/18 HPs)
             Began as a Naga Arcane Marksman on Jan 4, 2020.
             Slain by a kobold
             ... wielding a +0 club
              (4 damage)
             ... on level 1 of the Dungeon.
             The game lasted 00:00:35 (35 turns).

Kagalorn the Vexing (Naga Arcane Marksman)            Turns: 35, Time: 00:00:35

Health: 0/18       AC:  1    Str: 12    XL:     1   Next: 20%
Magic:  2/2        EV: 10    Int: 13    God:
Gold:   0          SH:  0    Dex: 11    Spells: 1/2 levels left

rFire    . . .     SeeInvis +   (no weapon)
rCold    . . .     Gourm    .   (no shield)
rNeg     . . .     Faith    .   e - +0 robe
rPois    +         Spirit   .   (no helmet)
rElec    .         Reflect  .   (no cloak)
rCorr    .         Harm     .   (no gloves)
MR       .....                  (no barding)
Stlth    +.........             (no amulet)
HPRegen  0.06/turn              (no ring)
MPRegen  0.08/turn              (no ring)

@: short of breath, very slow
A: large, see invisible, deformed body, poison resistance, slowness 2, slow
metabolism 1, spit poison 1, AC +0
a: Spit Poison


You were on level 1 of the Dungeon.
You were not hungry.

You visited 1 branch of the dungeon, and saw 1 of its levels.

Inventory:

Hand Weapons
 a - a +0 shortbow
Missiles
 d - 20 arrows
Armour
 e - a +0 robe (worn)
Scrolls
 b - a scroll of immolation {unknown}
Comestibles
 f - a ration


   Skills:
 - Level 1.0 Fighting
 - Level 1.7 Bows
 - Level 1.5 Dodging
 + Level 0.9 Stealth
 - Level 1.0 Spellcasting
 - Level 3.0 Hexes


You had one spell level left.
You knew the following spells:

 Your Spells              Type           Power        Failure   Level  Hunger
a - Corona                Hex            #......      9%          1    ##.....

Your spell library contained the following spells:

 Spells                   Type           Power        Failure   Level  Hunger
 Slow                     Hex            #.......     12%         2    ###....
 Inner Flame              Hex/Fire       #.......     41%         3    ####...
 Portal Projectile        Hex/Tloc       #.....       41%         3    ####...
 Cause Fear               Hex            #.........   63%         4    #####..
 Leda's Liquefaction      Hex/Erth       #.........   83%         4    #####..


Dungeon Overview and Level Annotations

Branches:
Dungeon (1/15)

Altars:


Innate Abilities, Weirdness & Mutations

You cannot wear boots.
Your serpentine skin is tough. (AC +0)
You have supernaturally acute eyesight. (SInv)
Armour fits poorly on your strangely shaped body.
Your system is resistant to poisons. (rPois)
You cover ground very slowly.
You have a slow metabolism.
You can spit poison.


Message History

The hobgoblin is poisoned.
The hobgoblin is severely wounded.
You feel slightly more hungry. The hobgoblin closely misses you.
You hit the kobold but do no damage. The kobold closely misses you.
The hobgoblin hits you. The kobold hits you but does no damage.
You closely miss the kobold.
You kill the hobgoblin!
The kobold closely misses you.
You hit the kobold but do no damage. You miss the kobold.
The kobold hits you but does no damage.
You closely miss the kobold.
You have got your breath back.
The kobold hits you with a +0 club.
* * * LOW HITPOINT WARNING * * *
Press: ? - help, Shift-Dir - straight line, f - kobold
Aim: a kobold, wielding a +0 club The splash of poison misses the kobold.
You feel slightly more hungry. The kobold hits you with a +0 club.
You die...

.............%.
........$......
#################
#≈≈§§§≈≈§≈§§≈≈≈§#
#≈≈§≈≈≈≈§§§§§§§≈#
#≈§≈§≈≈...§§≈§§≈#
#§≈§§.......§§≈≈#
#≈≈...........≈≈#
#§§....@.......≈#
###..8K###.8..###
#g#...r......^#K#
#######r''#######
#...........#
#...........#
###.......### .
..##'''''##....
................


You could see a goblin, a kobold and a rat.

Vanquished Creatures
  A hobgoblin (D:1)
1 creature vanquished.

Notes
Turn   | Place    | Note
-------+----------+-------------------------------------------
     0 | D:1      | Kagalorn the Naga Arcane Marksman began the quest for the
                  | Orb.
     0 | D:1      | Reached XP level 1. HP: 18/18 MP: 2/2
    35 | D:1      | Slain by a kobold

Levels and vault maps discovered:
D:1:      lordsloth_arrival_two_stooges, layout_basic, minmay_crystal_water,
          solitary_fountain, minmay_unequal

Action                   || total
-------------------------++-------
Melee: Unarmed           ||     7
 Abil: Spit Poison       ||     3
Armor: Robe              ||     1
Dodge: Dodged            ||     6

Table legend:
 A = Non-vault XP
 B = Vault XP
 C = Vault XP percentage of total XP
 D = Non-vault monster count
 E = Vault monster count
 F = Vault count percentage of total count
                 A         B        C        D         E       F
            +---------+---------+-------+---------+---------+-------
      Total |       2 |       0 |   0.0 |       1 |       0 |   0.0
            +---------+---------+-------+---------+---------+-------
        D:1 |       2 |       0 |   0.0 |       1 |       0 |   0.0
            +---------+---------+-------+---------+---------+-------
